 Dungeon Crawl Stone Soup version 0.31-a0-963-ga325b2283a (webtiles) character file.

Game seed: 12250987698444896851

25 arthad the Insei (level 3, -1/34 HPs)
             Began as an Octopode Shapeshifter on Oct 25, 2023.
             Succumbed to a goblin's poison
             ... on level 2 of the Dungeon.
             The game lasted 00:01:35 (1045 turns).

arthad the Insei (Octopode Shapeshifter)            Turns: 1045, Time: 00:01:35

Health: -1/34      AC: 21    Str: 13    XL:     3   Next: 4%
Magic:  3/3        EV:  2    Int: 12    God:
Gold:   36         SH:  0    Dex: 13    Spells: 2/2 levels left

rFire   . .          .
                       - Unarmed
rCold   . . .        (no shield)
rNeg    . . .        (helmet currently unavailable)
rPois   +            (no amulet)
rElec   .            (no ring)
rCorr   .            (no ring)
SInv    .            (no ring)
Will    .....        (no ring)
Stlth   ++           (no ring)
HPRegen 0.25/turn    (no ring)
MPRegen 0.08/turn    (no ring)
                     (no ring)

%: no passive effects
@: mighty, brilliant, lethally poisoned (-1 -> -8), tree-form, attractive
A: stationary, stasis, torment immunity, boosted hp, almost no armour,
(amphibious), 8 rings, (camouflage 1), (gelatinous body 1), (nimble swimmer 1),
(tentacles)
a: no special abilities


You were on level 2 of the Dungeon.
You were a tree.
You visited 1 branch of the dungeon, and saw 2 of its levels.

You collected 36 gold pieces.

Inventory:

Missiles
 g - 5 javelins
Talismans
 b - a beast talisman
 c - a flux talisman
Scrolls
 f - 2 scrolls of immolation {unknown}
Potions
 a - 2 potions of lignification


   Skills:
 + Level 1.4 Fighting
 + Level 2.3 Dodging
 * Level 1.2 Stealth
 + Level 3.2 Unarmed Combat
 + Level 3.2 Shapeshifting


You had 2 spell levels left.
You didn't know any spells.
Your spell library was empty.

Dungeon Overview and Level Annotations

Branches:
Dungeon (2/15)

Altars:

Shops:
D:1 [   D:2 (


Innate Abilities, Weirdness & Mutations

You are a tree.
Your roots penetrate the ground, keeping you stationary.
You cannot be teleported.
You are immune to unholy pain and torment.
Your maximum health is greatly increased.
You cannot wear most types of armour.
((You are amphibious.))
You can wear up to eight rings at the same time.
((Your skin changes colour to match your surroundings (Stealth+).))
((Your rubbery body absorbs attacks. (AC +1, EV +1)))
((You are camouflaged when in or above water. (Stealth+)))
((You have tentacles for arms and can constrict up to eight enemies at once.))


Message History

The jackal bites you. The goblin hits you but does no damage.
You closely miss the goblin.
You feel sick.
The jackal bites you but does no damage.
The dart slug completely misses you.
The jackal bites you but does no damage.
The goblin hits you but does no damage.
The jackal bites you but does no damage. x2
You hit the goblin but do no damage.
You feel sick. The jackal bites you.
The jackal bites you but does no damage. x2
The dart slug bites you but does no damage.
The goblin hits you but does no damage.
You hit the goblin.
The goblin is moderately wounded.
You feel sick.
The jackal bites you but does no damage. x3
The goblin hits you with a +1 dagger of venom.
* * * LOW HITPOINT WARNING * * *
You are lethally poisoned!
The dart slug launches a dart at you.
The slug dart hits you but does no damage.
The jackal bites you but does no damage.
You smack the goblin!
You kill the goblin!
* * * LOW HITPOINT WARNING * * *
You feel very sick.
The jackal bites you but does no damage. x2
The jackal bites you.
* * * LOW HITPOINT WARNING * * *
The jackal bites you but does no damage. x2
It was a potion of brilliance.
You feel clever all of a sudden.
* * * LOW HITPOINT WARNING * * *
You feel sick. The jackal barely misses you.
The jackal bites you but does no damage. x2
The dart slug launches a dart at you. The slug dart hits you.
* * * LOW HITPOINT WARNING * * *
It was a potion of might.
You feel very mighty all of a sudden.
You die...

#. # #.########### #
#......⌠.⌠..# #
######.#####.∩.#.# #
.....#......⌠.⌠..# #
......!.######...# #
##........#####..#### #
#....hh............# #
#....h♣..#####...#.####
#.#...)w..# #..........
.
#.....................
#....).........##.###.
.........#####.###.# #.
#.........# #.# #.# #.
#..######## #.# #.# #.
#.. #. #.# #. #.# ##


You could see a dart slug and 3 jackals.

Vanquished Creatures
  A dart slug (D:1)
  3 ball pythons
  2 endoplasms
  2 giant cockroaches
  2 goblins
  3 hobgoblins
  6 kobolds
  A rat (D:1)
20 creatures vanquished.

Notes
Turn   | Place    | Note
-------+----------+-------------------------------------------
     0 | D:1      | arthad the Octopode Shapeshifter began the quest for the
                  | Orb.
     0 | D:1      | Reached XP level 1. HP: 13/13 MP: 1/1
   199 | D:1      | Reached XP level 2. HP: 18/18 MP: 2/2
   505 | D:1      | Found Birgh's Antique Armour Boutique.
   971 | D:2      | Reached skill level 1 in Stealth
   977 | D:2      | Reached XP level 3. HP: 19/23 MP: 3/3
  1013 | D:2      | Found Zezafueg's Antique Weapon Emporium.
  1044 | D:2      | HP: 1/34 [dart slug/slug dart (3)]
  1045 | D:2      | Succumbed to a goblin's poison

Illustrated notes

Levels and vault maps discovered:
D:1:      saegor_arrival_under_anarchy, layout_basic, serial_shops,
          nicolae_shop_advertising_works [nicolae_subvault_shop_adworks]
D:2:      layout_loops_ring, serial_shops, shop_fountains, supply_closet_lemuel

Skill      XL: |  1  2 |
---------------+-------+-----
Stealth        | 1 |  1.2
Fighting       | |  1.4
Dodging        | |  2.3
Unarmed Combat | |  3.2
Shapeshifting  | |  3.2

Action                     || total
---------------------------++-------
  Melee: Unarmed           ||    43
         Constrict         ||    12
         Tentacles         ||     6
         Punch             ||     2
    Use: Potion            ||     5
   Stab: Sleeping          ||     5
 Armour: Skin              ||    49
  Dodge: Dodged            ||    21

Table legend: (Time is in decaauts)
 A = Elapsed time spent in this place.
 B = Non-inter-level travel time spent in this place.
 C = Inter-level travel time spent in this place.
 D = Time resting spent in this place.
 E = Time spent auto-exploring this place.
 F = Levels seen in this place.
 G = Mean time per level.
                   A        B        C        D        E       F      G
               +--------+--------+--------+--------+--------+-----+--------+
         Total |   1042 |   1010 |     32 |      0 |    874 |   2 |  521.0 |
       Dungeon |   1042 |   1010 |     32 |      0 |    874 |   2 |  521.0 |
               +--------+--------+--------+--------+--------+-----+--------+

Top non-repeatable levels by time:
     D:1: 894 daAuts
     D:2: 148 daAuts
